 Crawl Stoat Soup version 0.23-ish-327-87-g3a41155e8f (console) character file.

166 ceb the Grave Robber (level 5, -7/31 HPs)
             Began as a Faerie Dragon Necromancer on Mar 30, 2024.
             Killed by nerve-wracking pain
             ... invoked by an orc priest
              (14 damage)
             ... on level 3 of the Dungeon.
             The game lasted 00:05:10 (1556 turns).

ceb the Grave Robber (Faerie Dragon Necromancer)    Turns: 1556, Time: 00:05:11

Health: -7/31      AC:  7    Str:  6    XL:     5   Next: 47%
Magic:  11/11      EV: 15    Int: 19    God:
Gold:   195        SH:  6    Dex: 13    Spells: 11/12 levels left

rFire    . . .     SeeInvis .   a - +0 short sword
rCold    . . .     Gourm    .   (shield restricted)
rNeg     . . .     Faith    .   (armour unavailable)
rPois    .         Spirit   .   (helmet restricted)
rElec    .         Warding  .   h - +0 cloak
rCorr    .         Reflect  .   (no gloves)
MR       .....     Harm     .   (no boots)
Stlth    +.........             (no amulet)
HPRegen  0.10/turn              (no ring)
MPRegen  0.12/turn              (no ring)

@: flying
A: small, sparkly, unfitting armour, magic attunement, magical scales, able to
fly
a: Stop Flying


You were on level 3 of the Dungeon.
You were not hungry.

You visited 1 branch of the dungeon, and saw 3 of its levels.

You collected 195 gold pieces.

Inventory:

Hand Weapons
 a - a +0 short sword (weapon)
Armour
 h - a +0 cloak (worn)
Jewellery
 o - an uncursed amulet of the gourmand {unknown}
 u - a +4 ring of strength {unknown}
Scrolls
 b - 3 scrolls of teleportation {unknown}
 d - 3 scrolls of remove curse {unknown}
 e - a scroll of immolation {unknown}
 i - 4 scrolls of identify {unknown}
 m - a scroll of enchant armour {unknown}
 t - a scroll of fog {unknown}
 x - 2 scrolls of magic mapping {unknown}
 y - a scroll of blinking {unknown}
Potions
 f - 4 potions of berserk rage {unknown}
 l - 2 potions of curing {unknown}
 n - a potion of cancellation {unknown}
 p - a potion of agility {unknown}
 q - a potion of haste {unknown}
 r - a potion of degeneration {unknown}
 s - a potion of magic {unknown}
 v - a potion of mutation {unknown}
 w - a potion of invisibility {unknown}
Comestibles
 c - 3 bread rations
 g - 2 fruits
 j - 3 meat rations
 k - 4 chunks of flesh


   Skills:
 + Level 3.9 Dodging
 - Level 1.2 Stealth
 + Level 4.0 Spellcasting
 + Level 6.0 Necromancy


You had 11 spell levels left.
You knew the following spells:

 Your Spells              Type           Power        Failure   Level  Hunger
a - Necrotise             Necr           25/25        1%          1    None

Your spell library contained the following spells:

 Spells                   Type           Power        Failure   Level  Hunger
 Vampiric Draining        Necr           26/200       3%          3    None
 Animate Dead             Necr           N/A          12%         4    None
 Regeneration             Chrm/Necr      15/200       36%         4    None


Dungeon Overview and Level Annotations

Branches:
Dungeon (3/15)

Altars:
Fedhas Ihp'ix
Zin


Innate Abilities, Weirdness & Mutations

Your sparkly wings attract attention (Stealth-).
You are small and have problems with some larger weapons.
You cannot fit into any form of body armour.
Your spells do not cause hunger; their MP costs are reduced by 1.
Your shimmering scales repel attacks (AC +6, SH +6).
You can fly continuously.


Message History

The orc hits your orc skeleton with a flail of crushing!
Your orc skeleton is destroyed!
The orc priest invokes the aid of Beogh against you.
Pain shoots through your body!
* * * LOW HITPOINT WARNING * * *
You swap places.
Your leopard gecko skeleton misses the orc priest.
The orc priest hits your leopard gecko skeleton with a dagger of speed!
Your leopard gecko skeleton is destroyed!
Casting: Necrotise (safe; 1% risk of failure)
Confirm with . or Enter, or press ? or * to list all spells.
Aiming: Necrotise (safe; 1% risk of failure)
Press: ? - help, Shift-Dir - straight line, f - orc
Aim: an orc, wielding a flail of crushing (chance to defeat MR: 93%)
The orc writhes in agony!
You kill the orc!
The dead are walking!
The orc priest mumbles some strange prayers to Beogh against you.
Pain shoots through your body!
You die...

.....#.#####.##.######
.##..#.# #..##.@.Z#
..#....####)######ow#
#...#.......# #)...
###...####.## ......
.##...####.#######
.....
..................
.....
........##########
...< ........# ....
.......## .......#
.......# .......#
.......# .......#
.......# ########


You could see a worm, an orc priest and a friendly orc skeleton.

Vanquished Creatures
  A bullfrog (D:3)
  2 adders (D:2)
  3 worms
  4 leopard geckos
  5 orcs (D:3)
  2 giant cockroaches (D:2)
  5 goblins
  6 hobgoblins
  8 jackals (D:2)
  8 kobolds
  A weasel (D:2)
  8 bats
  5 frilled lizards
  3 rats
61 creatures vanquished.

Notes
Turn   | Place    | Note
-------+----------+-------------------------------------------
     0 | D:1      | ceb the Faerie Dragon Necromancer began the quest for the
                  | Orb.
     0 | D:1      | Reached XP level 1. HP: 11/11 MP: 3/3
   192 | D:1      | Reached skill level 5 in Necromancy
   260 | D:1      | Reached XP level 2. HP: 17/17 MP: 5/5
   432 | D:2      | Reached XP level 3. HP: 17/21 MP: 5/7
   680 | D:2      | Found a blossoming altar of Fedhas.
   687 | D:2      | Reached XP level 4. HP: 27/27 MP: 9/9
   938 | D:2      | Found a glowing silver altar of Zin.
  1025 | D:3      | Found a three-legged altar of Ihp'ix.
  1244 | D:3      | Noticed a bullfrog
  1255 | D:3      | Killed a bullfrog
  1255 | D:3      | Reached XP level 5. HP: 24/31 MP: 10/10
  1550 | D:3      | Reached skill level 6 in Necromancy
  1556 | D:3      | Killed from afar by an orc priest

Vault maps used:
D:1:      dpeg_arrival_tiny_e
D:2:      fedhas_altar_1, zin_statuary, nicolae_overflow_hidden_temple,
          first_bread
D:3:      lemuel_crystal_altar

Skill      XL: |  1  2  3  4  5 |
---------------+----------------+-----
Necromancy     | 5 6 |  6.0
Spellcasting   | 3 4 |  4.0
Dodging        | 3 |  3.9
Stealth        | |  1.2

Action                   |  1- 3 |  4- 6 || total
-------------------------+-------+-------++-------
Melee: Short sword       |       |     1 ||     1
 Cast: Necrotise         |    65 |    60 ||   125
  Eat: Chunk             |       |     2 ||     2
Armor: Skin              |     8 |     4 ||    12
Dodge: Dodged            |    22 |    20 ||    42
Block: Other             |     6 |     3 ||     9

Table legend:
 A = Spawn XP
 B = Non-spawn XP
 C = Spawn XP percentage of total XP
 D = Spawn monster count
 E = Non-spawn monster count
 F = Spawn count percentage of total count
 G = Total turns spent on level
                    A         B        C        D         E        F      G
               +---------+---------+-------+---------+---------+-------+---------
         Total |      12 |     226 |   5.0 |       5 |      56 |   8.2 |  1556
               +---------+---------+-------+---------+---------+-------+---------
           D:1 |       1 |      11 |   8.3 |       1 |       7 |  12.5 |   353
           D:2 |       4 |      86 |   4.4 |       2 |      32 |   5.9 |   672
           D:3 |       7 |     129 |   5.1 |       2 |      17 |  10.5 |   531
               +---------+---------+-------+---------+---------+-------+---------
